[Event "MČR 2022 rapid"]
[Site "Turnov, Czech Republic"]
[Date "2022.09.11"]
[Round "7.7"]
[White "Neuman, Petr"]
[Black "Finěk, Václav"]
[Result "1-0"]
[TimeControl "2x 15 min + 5s/move"]
[WhiteElo "2416"]
[BlackElo "2062"]

1. e4 c5 2. Nc3 Nc6 3. Bb5 Nd4 4. Bc4 g6 5. Nf3 Bg7 6.
Nxd4 cxd4 7. Qf3 Nh6 8. Ne2 O-O 9. d3 d6 10.
Qg3 Ng4 11. Bb3 Qb6 12. h4 Nf6 13. h5 Nxh5 14. Qh4 Nf6 15. Nf4 e6 16. Bd2 Qd8 17. g4 h6 18. Qg3 b5 19. a4 bxa4 20.
Rxa4 Rb8 21. Rxa7 Rxb3 22. cxb3 Qb6 23. Ra3 d5 24. e5 Nd7 25.
Ne2 g5 26. f4 Re8 27. fxg5 hxg5 28.
Bxg5 Nxe5 29. O-O Ba6 30. Nf4 f6 31. Bh4 Kf7 32. Nh5 Nd7 33. Nxf6 Nxf6 34.
Bxf6 Bxf6 35. Qe5 Rg8 36. Qxf6+ Ke8 37. Qf7+ 1-0

[Event "MČR 2022 rapid"]
[Site "Turnov, Czech Republic"]
[Date "2022.09.11"]
[Round "7.8"]
[White "Šimáček, Pavel"]
[Black "Klement, Lukáš"]
[Result "1/2-1/2"]
[TimeControl "2x 15 min + 5s/move"]
[WhiteElo "2398"]
[BlackElo "2264"]

1. d4 Nf6 2. c4 e6 3. Nc3 Bb4 4. Qc2 d5 5. a3 Bxc3+ 6. Qxc3 O-O 7. Bg5 h6 8. Bh4 dxc4 9.
Qxc4 Qd5 10. e3 Qxc4 11. Bxc4 Nbd7 12. Ne2 b6 13. f3 c5 14. Kf2 Bb7 15. Rhd1 cxd4 16. Nxd4 Ne5 17. Be2 a6 18.
Bg3 Nc6 19. Nxc6 Bxc6 20. Rd6 Rfc8 21. Rc1 Bb5 22. Rxc8+ Rxc8 23. Bd1 Rc6 24. Rd8+ Kh7 25. a4 Bc4 26. Be5 Ba2 27. Ke1 Bb1 28. Kd2 1/2-1/2

[Event "MČR 2022 rapid"]
[Site "Turnov, Czech Republic"]
[Date "2022.09.11"]
[Round "8.1"]
[White "Polák, Tomáš"]
[Black "Štoček, Jiří"]
[Result "1/2-1/2"]
[TimeControl "2x 15 min + 5s/move"]
[WhiteElo "2487"]
[BlackElo "2521"]

1. Nf3 Nf6 2. c4 c5 3. Nc3 e6 4. e3 g6 5. d4 Bg7 6. Be2 O-O 7. O-O b6 8. b3 Bb7 9. Bb2 Qe7 10.
Rc1 d6 11. dxc5 dxc5 12. Qc2 Nc6 13. Rfd1 Rfd8 14. Rxd8+ Rxd8 15. Rd1 Nb4 16. Qb1 Rxd1+ 17. Bxd1 Qd8 18. Be2 h6 19. a3 Nc6 20.
Nb5 Ne8 21. Bxg7 Kxg7 22. Qb2+ Kg8 23. Nd2 a6 24. Nc3 Ne7 25. Bf3 Bxf3 26. Nxf3 Nf6 1/2-1/2

[Event "MČR 2022 rapid"]
[Site "Turnov, Czech Republic"]
[Date "2022.09.11"]
[Round "8.2"]
[White "Petr, Martin"]
[Black "Němec, Jáchym"]
[Result "1-0"]
[TimeControl "2x 15 min + 5s/move"]
[WhiteElo "2506"]
[BlackElo "2057"]

1. e4 c5 2. Be2 Nc6 3. f4 d5 4. d3 Nf6 5. e5 Ng8 6. c4 dxc4 7. dxc4 Bf5 8. Nf3 e6 9. O-O Be7 10. Nc3 h5 11. Be3 Nh6 12. Qb3 Qc8 13. Nb5 O-O 14.
Rad1 Bg6 15. Nd6 Bxd6 16. exd6 b6 17. Ne5 Be4 18. Bxh5 Nf5 19. Bf3 Bxf3 20. Nxf3 Rd8 21. Bf2 Rxd6 22.
Rxd6 Nxd6 23. Qd3 Nf5 24. g4 Nfe7 25. Ng5 Ng6 26. f5 exf5 27. gxf5 Nf8 28.
Nxf7 Nb4 29. Qf3 Kxf7 30. a3 Qc6 31. Qh5+ Kg8 32. axb4 cxb4 33. Bd4 Qxc4 34. Bxg7 Nh7 35. Qg6 Qf7 36. Bd4+ Qxg6+ 37. fxg6 Nf8 38. Rf7 Nxg6 39. Rg7+ Kf8 40. Rxg6 Rd8 41. Rg4 Kf7 42.
Kf2 Ke6 43. Ke3 Kd5 44. Kd3 Rf8 45. Rg5+ Kd6 46. Kc4 Rf4 47. Rg6+ Kc7 48. Kd5 Kb7 49. Be5 Rh4 50. Rg7+ Ka6 51. Bb8 Kb5 52. Rxa7 Rh3 53. Be5 Rd3 54. Ke4 Rh3 55. Rc7 Rh4+ 56. Kd5 Rh5 57. Rf7 Ka4 58. Rf3 Kb5 59. Rf8 Ka4 60. Rh8 Rg5 61. h4 1-0

[Event "MČR 2022 rapid"]
[Site "Turnov, Czech Republic"]
[Date "2022.09.11"]
[Round "8.3"]
[White "Roubalík, Jakub"]
[Black "Neuman, Petr"]
[Result "1-0"]
[TimeControl "2x 15 min + 5s/move"]
[WhiteElo "2339"]
[BlackElo "2416"]

1. d4 d5 2. c4 c6 3. Nc3 Nf6 4. cxd5 cxd5 5. Bf4 Nc6 6. e3 Bg4 7. f3 Bd7 8. Bd3 e6 9. Bg3 Be7 10. Nge2 O-O 11. O-O a6 12. Rc1 b5 13. Kh1 Qb6 14. Bb1 Na5 15. Bh4 Rfc8 16. e4 b4 17. Na4 Bxa4 18. Qxa4 dxe4 19. fxe4 Nc4 20.
e5 Nd5 21. Bxe7 Nxe7 22. Qc2 g6 23. Qd3 Nxb2 24. Qb3 Nc4 25. Rxc4 Rxc4 26. Qxc4 Rc8 27. Qd3 Nd5 28. Qf3 Rc7 29. Be4 Nc3 30. d5 Nxe2 31. Qxe2 Qd4 32. d6 Rc8 33. Bb7 1-0

[Event "MČR 2022 rapid"]
[Site "Turnov, Czech Republic"]
[Date "2022.09.11"]
[Round "8.4"]
[White "Klement, Lukáš"]
[Black "Pisk, Petr"]
[Result "1/2-1/2"]
[TimeControl "2x 15 min + 5s/move"]
[WhiteElo "2264"]
[BlackElo "2389"]

1. d4 d5 2. Nf3 c5 3.
dxc5 e6 4. c4 Bxc5 5. e3 Nf6 6.
Nc3 O-O 7. a3 Nc6 8. b4 Bd6 9. cxd5 exd5 10. Bb2 Re8 11. Be2 a6 12. Rc1 1/2-1/2

[Event "MČR 2022 rapid"]
[Site "Turnov, Czech Republic"]
[Date "2022.09.11"]
[Round "8.5"]
[White "Plát, Vojtěch"]
[Black "Rubeš, Jan"]
[Result "1-0"]
[TimeControl "2x 15 min + 5s/move"]
[WhiteElo "2563"]
[BlackElo "2346"]

1. e4 c5 2. Nf3 e6 3. d4 cxd4 4. Nxd4 Nc6 5. Nc3 a6 6. Be3 d6 7. Be2 Bd7 8. O-O Nf6 9. f4 Be7 10. Kh1 O-O 11. Qe1 Nxd4 12. Bxd4 Bc6 13. Qg3 b5 14. a3 g6 15. Bf3 Rc8 16. Rad1 Nd7 17. f5 a5 18. Bh5 exf5 19. exf5 Bh4 20. fxg6 hxg6 21. Qxd6 Qe7 22.
Qxe7 Bxe7 23. Bf3 b4 24. Bxc6 Rxc6 25. Nd5 Bd6 26. axb4 axb4 27. c3 bxc3 28. Bxc3 f5 29. Rfe1 Kf7 30. Ne7 Bxe7 31. Rxd7 Re6 32. Rxe6 Kxe6 33. Rxe7+ Kd5 1-0

[Event "MČR 2022 rapid"]
[Site "Turnov, Czech Republic"]
[Date "2022.09.11"]
[Round "8.6"]
[White "Mikeš, Jan"]
[Black "Jansa, Vlastimil"]
[Result "0-1"]
[TimeControl "2x 15 min + 5s/move"]
[WhiteElo "2249"]
[BlackElo "2452"]

1. e4 c5 2. Nc3 Nc6 3. Bb5 Nd4 4. Nf3 a6 5.
Bd3 g6 6. Nxd4 cxd4 7. Ne2 Bg7 8. c3 dxc3 9. dxc3 d5 10. O-O Nf6 11. e5 Nd7 12. f4 O-O 13. Be3 Qc7 14. Bc2 e6 15. Nd4 Nb6 16. h4 Nc4 17. Bc1 f6 18. exf6 Rxf6 19. h5 Bd7 20. hxg6 hxg6 21. Qe1 Raf8 22. Qg3 e5 23. b3 Nd6 24.
Ne2 Bb5 25. c4 dxc4 26. Nc3 Bc6 27. Ba3 exf4 28. Qh3 Qa5 29. Bb2 Qc5+ 30. Rf2 f3 31. g4 Re6 32. b4 Qe3 33. g5 Nf5 0-1

[Event "MČR 2022 rapid"]
[Site "Turnov, Czech Republic"]
[Date "2022.09.11"]
[Round "8.7"]
[White "Červený, Martin"]
[Black "Jirásko, Miroslav"]
[Result "1/2-1/2"]
[TimeControl "2x 15 min + 5s/move"]
[WhiteElo "2413"]
[BlackElo "1795"]

1. d4 Nf6 2. c4 g6 3. Nc3 Bg7 4. e4 d6 5. f3 O-O 6. Bg5 Nc6 7. Nge2 e5 8. d5 Nd4 9. Be3 c5 10. dxc6 Nxc6 11. Qd2 Be6 12. b3 a6 13. Rd1 Qa5 14.
Nd5 Qa3 15. Nec3 Nd4 16. Bd3 Nxd5 17. Nxd5 Bxd5 18. cxd5 a5 19. O-O Rfc8 20. Rc1 Bf8 21. f4 Bh6 22. Qf2 a4 23. fxe5 Bxe3 24. Qxe3 dxe5 25. Rxc8+ Rxc8 26. Qf2 Qe7 27. Bc4 Rf8 28. bxa4 Kg7 29. h3 f6 30.
Rb1 Rc8 31. d6 Qxd6 32. Rxb7+ Rc7 33. Rxc7+ Qxc7 34. Bf1 Qa7 35. Bb5 Qc5 36. Kh1 Qc1+ 37.
Kh2 Qc3 38. Kh1 Qc1+ 39. Kh2 Qc3 40. Kh1 Qb4 41. Qf1 Qd2 42. Bc4 Qb4 43. Bb5 Qd2 44. Bc4 Qb4 45. Bb3 Qd2 46. Bc4 1/2-1/2

[Event "MČR 2022 rapid"]
[Site "Turnov, Czech Republic"]
[Date "2022.09.11"]
[Round "8.8"]
[White "Václavík, Jan"]
[Black "Baláček, Tadeáš"]
[Result "0-1"]
[TimeControl "2x 15 min + 5s/move"]
[WhiteElo "1899"]
[BlackElo "2247"]

1. Nf3 d5 2. d4 Nf6 3. g3 c6 4.
Bg2 Bf5 5. c4 e6 6. Nc3 h6 7. O-O Nbd7 8. b3 Be7 9.
Bf4 O-O 10. Rc1 Ba3 11. Nd2 g5 12.
e4 dxe4 13. Be3 Bxc1 14. Qxc1 Ng4 15. h3 Nxe3 16.
fxe3 Qc7 17. Qe1 Qa5 18. Qc1 Bg6 19. Ndxe4 f5 20. Nd6 Qc7 21. c5 Nf6 22. Qe1 Rad8 23. Nc4 Nd7 24. Nd6 e5 25. Qe2 Kh7 26. Qc4 exd4 27. exd4 Nf6 28.
Qe6 Rxd6 29. cxd6 Qd7 30. Qe7+ Rf7 31. Qe5 Ne8 32.
d5 c5 33. Re1 Nxd6 34. Qe3 b6 35.
a4 Kg7 36. Qe5+ Kg8 37. Qe6 Kg7 38. Qe5+ Kg8 39. Qe6 Kg7 40. Bf1 Qxe6 41. dxe6 Re7 42. Nd5 Re8 43. Ba6 0-1

[Event "MČR 2022 rapid"]
[Site "Turnov, Czech Republic"]
[Date "2022.09.11"]
[Round "9.1"]
[White "Viták, Jiří"]
[Black "Plát, Vojtěch"]
[Result "0-1"]
[TimeControl "2x 15 min + 5s/move"]
[WhiteElo "1820"]
[BlackElo "2563"]

1. d4 d6 2. Nf3 Bg4 3. c4 c6 4. Qb3 Qb6 5. Qxb6 axb6 6. Nc3 Nd7 7. e4 e5 8. d5 Ngf6 9. Be3 Be7 10.
Nd2 O-O 11. Be2 Bxe2 12. Kxe2 Ng4 13. h3 Nxe3 14. fxe3 Nc5 15. a4 Na6 16. Rhf1 Nb4 17.
b3 g6 18. Rf3 Kg7 19. Raf1 h5 20.
g3 Bg5 21. Ndb1 Rae8 22. Rd1 Rd8 23. Rdf1 Rc8 24. Na3 Ra8 25.
Rd1 Rfd8 26. Rd2 Na6 27. Rb2 Nc5 28. Nc2 cxd5 29. cxd5 Rdc8 30.
Nb4 f5 31. Rf1 Nxe4 32. Nxe4 fxe4 33. Rc2 Rc5 34. Rxc5 bxc5 35.
Nc2 c4 36. bxc4 Rxa4 37. Rb1 Rxc4 38. Rxb7+ Kh6 39. Kd2 Rc5 40. Nb4 Bd8 41. Ke2 Ba5 42. Nc6 Rxd5 43. Ne7 Rd2+ 44. Kf1 Kg5 45. Rb5 Ra2 46. Nd5 Ra1+ 47. Kg2 Be1 48. h4+ Kf5 49. Ne7+ Kg4 50. Rb2 Bxg3 51. Nxg6 Bxh4 52. Rd2 Bg3 53. Rxd6 h4 54. Ne7 h3# 0-1

[Event "MČR 2022 rapid"]
[Site "Turnov, Czech Republic"]
[Date "2022.09.11"]
[Round "9.2"]
[White "Jansa, Vlastimil"]
[Black "Macháček, Jan"]
[Result "1-0"]
[TimeControl "2x 15 min + 5s/move"]
[WhiteElo "2452"]
[BlackElo "1747"]

1. e4 c5 2. Nf3 d6 3. d4 cxd4 4. Nxd4 Nf6 5. Nc3 a6 6. Be2 e6 7.
O-O Be7 8. a4 O-O 9. a5 Nc6 10. Nb3 b5 11. axb6 Qxb6 12. Be3 Qb8 13. f4 Bb7 14. Bf3 Rd8 15. Qe2 Nb4 16. Na5 d5 17. e5 Nd7 18. Bd4 Nc6 19. Nxc6 Bxc6 20. Rxa6 Rxa6 21. Qxa6 Qc7 22. Qe2 Ra8 23. f5 Bf8 24. fxe6 fxe6 25. Bg4 Re8 26. Qf2 Nb8 27. Bxe6+ 1-0

[Event "MČR 2022 rapid"]
[Site "Turnov, Czech Republic"]
[Date "2022.09.11"]
[Round "9.3"]
[White "Bradáč, Daniel"]
[Black "Červený, Martin"]
[Result "0-1"]
[TimeControl "2x 15 min + 5s/move"]
[WhiteElo "2020"]
[BlackElo "2413"]

1. e4 c5 2. Nf3 d6 3. d3 Nf6 4. g3 g6 5. Bg2 Bg7 6.
O-O O-O 7. Nbd2 Nc6 8. c3 e5 9.
a4 h6 10. Nc4 Be6 11. Ne3 d5 12. exd5 Nxd5 13. Qe2 Re8 14. Nxd5 Bxd5 15. Be3 Qd6 16. Rad1 Rad8 17. Qc2 b6 18. Rfe1 Na5 19. d4 cxd4 20.
cxd4 e4 21. Bf4 Qc6 22. Qxc6 Bxc6 23. Ne5 Bxa4 24. Rd2 g5 25.
Be3 Nb3 26. Rde2 Bb5 27. Rc2 Nxd4 28. Bxd4 Rxd4 29. Ng4 Rb4 30. h4 gxh4 31. gxh4 a5 32.
Re3 f5 33. Nh2 f4 34. Re1 Bd3 35. Rd2 Kf7 36.
Rc1 Rxb2 37. Rc7+ Re7 38. Rxb2 Rxc7 39. Rxb6 Rc1+ 40. Nf1 Bd4 41. Rd6 Bc5 42. Rxh6 e3 43. fxe3 fxe3 0-1

[Event "MČR 2022 rapid"]
[Site "Turnov, Czech Republic"]
[Date "2022.09.11"]
[Round "9.4"]
[White "Baláček, Tadeáš"]
[Black "Cakl, Zdeněk"]
[Result "1-0"]
[TimeControl "2x 15 min + 5s/move"]
[WhiteElo "2247"]
[BlackElo "2059"]

1. d4 Nf6 2. c4 e6 3. Nc3 d5 4.
Nf3 Be7 5. Bf4 O-O 6. e3 Nbd7 7. c5 c6 8. h3 b6 9. b4 a5 10.
a3 Ba6 11. Bxa6 Rxa6 12. O-O b5 13. Qc2 Qa8 14. Rab1 Qa7 15. a4 axb4 16.
axb5 cxb5 17. Rxb4 Ra3 18. Rfb1 Ra8 19. Nxb5 1-0

[Event "MČR 2022 rapid"]
[Site "Turnov, Czech Republic"]
[Date "2022.09.11"]
[Round "9.5"]
[White "Štoček, Jiří"]
[Black "Paulus, Václav"]
[Result "1-0"]
[TimeControl "2x 15 min + 5s/move"]
[WhiteElo "2521"]
[BlackElo "1832"]

1. d4 Nf6 2. c4 g6 3. Nc3 Bg7 4. e4 d6 5. Be2 O-O 6. Nf3 e5 7. Be3 exd4 8. Nxd4 Re8 9. f3 c6 10. Bf2 Nbd7 11. O-O Nc5 12. Qd2 a5 13. Rad1 Qc7 14.
Nc2 Re6 15. Kh1 b6 16. Bg3 Ne8 17. Nd4 Re7 18. Bh4 f6 19. Bg3 Bb7 20. b3 Rd8 21. a3 Bc8 22. b4 axb4 23. axb4 Ne6 24. Nb3 Qb7 25. f4 Bh6 26. Qc2 Rg7 27. b5 g5 28.
fxg5 Rxg5 29. bxc6 Qg7 30. Rd3 Qg6 31. Nd5 Qxe4 32. Bf3 Qg6 1-0

[Event "MČR 2022 rapid"]
[Site "Turnov, Czech Republic"]
[Date "2022.09.11"]
[Round "9.6"]
[White "Hurtík, Matěj"]
[Black "Petr, Martin"]
[Result "0-1"]
[TimeControl "2x 15 min + 5s/move"]
[WhiteElo "1848"]
[BlackElo "2506"]

1. e4 d5 2. exd5 Qxd5 3. Nc3 Qa5 4. d4 Nf6 5. Nf3 Bf5 6. Bc4 e6 7. O-O Bb4 8. Ne2 c6 9. Bf4 Nbd7 10.
a3 Be7 11. b4 Qd8 12. Bb3 O-O 13. Nh4 Bg4 14. f3 Nd5 15. fxg4 Bxh4 16. Bd2 Bg5 17. Qc1 Bxd2 18. Qxd2 a5 19. c4 Ne7 20. Qd3 Ng6 21. Bc2 axb4 22. axb4 Qe7 23. g3 Rfd8 24. Qc3 Qg5 25. Qf3 Nf6 0-1

[Event "MČR 2022 rapid"]
[Site "Turnov, Czech Republic"]
[Date "2022.09.11"]
[Round "9.7"]
[White "Neuman, Petr"]
[Black "Hofman, Kryštof"]
[Result "1-0"]
[TimeControl "2x 15 min + 5s/move"]
[WhiteElo "2416"]
[BlackElo "1746"]

1. e4 d6 2. d4 Nf6 3. Nc3 g6 4. h3 Bg7 5. g4 c5 6. dxc5 dxc5 7. Qxd8+ Kxd8 8. e5 Nfd7 9. f4 Nc6 10. Be3 g5 11. fxg5 Ncxe5 12. O-O-O Rb8 13. Bg2 b5 14. Nge2 b4 15. Na4 Ba6 16. Ng3 Bb5 17. Nxc5 Nc4 18. Bd4 Bxd4 19. Rxd4 Nd6 20. Nxd7 Bxd7 21. Ne4 Nxe4 22. Bxe4 Ke8 23.
Rhd1 Be6 24. b3 h5 25. g6 hxg4 26. g7 1-0

[Event "MČR 2022 rapid"]
[Site "Turnov, Czech Republic"]
[Date "2022.09.11"]
[Round "9.8"]
[White "Kaplánek, Jan"]
[Black "Klement, Lukáš"]
[Result "0-1"]
[TimeControl "2x 15 min + 5s/move"]
[WhiteElo "1682"]
[BlackElo "2264"]

1. e4 c5 2. Nf3 d6 3. d4 cxd4 4. Nxd4 Nf6 5. Nc3 a6 6. Bd3 e5 7. Nde2 Be6 8. Bg5 Nbd7 9. O-O Be7 10. f4 Qc7 11. f5 Bc4 12.
Bxc4 Qxc4 13. Ng3 Rc8 14. Nh5 O-O 15. Bxf6 Nxf6 16. Nxf6+ Bxf6 17. Qg4 Qc5+ 18. Kh1 Qe3 19. Nd5 Qg5 20. Nxf6+ Qxf6 21. c3 Rc4 22. Rf3 d5 23. Re1 Rd8 24. Rd3 Rxe4 25. Rxe4 dxe4 26. Qxe4 Rxd3 27.
Qxd3 Qe7 28. Qc4 Qd7 29. Qf1 e4 30.
h3 g6 31. f6 Qe6 32. Qf4 h6 33. Kg1 g5 34. Qe3 Kh7 35. Kf2 Kg6 36. Qd4 Qxf6+ 37. Qxf6+ Kxf6 38. Ke3 Ke5 39. b4 f5 40. a4 f4+ 41. Ke2 Kd5 42. Kd2 Kc4 43. Ke2 0-1